 Dungeon Crawl Stone Soup version 0.28-a0-793-g31680bbd8b (webtiles) character file.

Game seed: 15262624490562389453

131 siradein the Skirmisher (level 4, -2/37 HPs)
             Began as a Demonspawn Fighter on Nov 4, 2021.
             Slain by an ogre (23 damage)
             ... on level 3 of the Dungeon.
             The game lasted 00:04:36 (3091 turns).

siradein the Skirmisher (Demonspawn Fighter)        Turns: 3091, Time: 00:04:37

Health: -2/37      AC: 10    Str: 16    XL:     4   Next: 91%
Magic:  0/4        EV:  6    Int:  9    God:
Gold:   152        SH:  5    Dex: 14    Spells: 3/3 levels left

rFire   . . .      SeeInvis .   a - +0 trident
rCold   . . .      Faith    .   c - +0 buckler
rNeg    . . .      Spirit   +   n - +0 chain mail
rPois   .          Reflect  .   (no helmet)
rElec   .          Harm     .   (no cloak)
rCorr   .          Rampage  .   (no gloves)
Will    .....                   f - +0 pair of boots
Stlth   ..........              (no amulet)
HPRegen 0.12/turn               (no ring)
MPRegen 0.18/turn               (no ring)

@: no status effects
A: magic shield, magic regeneration
a: no special abilities


You were on level 3 of the Dungeon.
You visited 1 branch of the dungeon, and saw 3 of its levels.

You collected 152 gold pieces.

Inventory:

Hand Weapons
 a - a +0 trident (weapon)
 o - a +0 hunting sling
Missiles
 b - 4 atropa-tipped darts
 h - 13 poisoned darts (quivered)
 p - 87 stones
Armour
 c - a +0 buckler (worn)
 f - a +0 pair of boots (worn)
 n - a +0 chain mail (worn)
Jewellery
 g - a ring of ice
Scrolls
 e - 2 scrolls of teleportation {unknown}
 i - 2 scrolls of identify {unknown}
 j - a scroll of brand weapon {unknown}
 k - a scroll of noise {unknown}
Potions
 d - a potion of might
 l - a potion of lignification {unknown}
 m - a potion of haste {unknown}


   Skills:
 + Level 3.8 Fighting
 + Level 2.8 Polearms
 + Level 3.4 Armour
 + Level 3.4 Shields


You had 3 spell levels left.
You didn't know any spells.
Your spell library contained the following spells:

 Spells                   Type           Power      Damage    Failure   Level
 Ensorcelled Hibernation  Hex/Ice        0%         N/A       100%        2
 Spider Form              Tmut/Pois      0%         N/A       100%        3
 Hailstorm                Conj/Ice       0%         3d3       100%        4
 Ice Form                 Ice/Tmut       0%         N/A       100%        4
 Passage of Golubria      Tloc           0%         N/A       100%        4
 Silence                  Hex/Air        0%         N/A       100%        5
 Simulacrum               Ice/Necr       0%         N/A       100%        6
 Lehudib's Crystal Spear  Conj/Erth      0%         10d2      100%        8


Dungeon Overview and Level Annotations

Branches:
Dungeon (3/15)

Altars:
Cheibriados

Shops:
D:3 !*[


Innate Abilities, Weirdness & Mutations

When hurt, damage is shared between your health and your magic reserves.
You regenerate magic rapidly.


Message History

The kobold hits you with a +0 short sword.
The kobold hits you but does no damage.
You closely miss the kobold.
The kobold is severely wounded.
The kobold hits you but does no damage.
You hit the kobold.
You kill the kobold!
You hit the rat.
The rat is severely wounded.
The rat bites you but does no damage. The rat closely misses you.
You hit the rat but do no damage.
The rat is severely wounded.
The rat bites you but does no damage.
You hit the rat.
You kill the rat!
Throw: 16 darts (poison)
Press: ? - help, Q - select action, (/) - cycle Shift-Dir - straight line, f - ogre
Aim: an ogre, wielding a +0 giant club (74% to hit)
You throw a poisoned dart. The poisoned dart hits the ogre.
The ogre is poisoned.
The ogre hits you but does no damage.
Throw: 15 darts (poison)
Press: ? - help, Q - select action, (/) - cycle Shift-Dir - straight line, f/p - ogre
Aim: an ogre, wielding a +0 giant club (lightly wounded, poisoned, 73% to hit)
You throw a poisoned dart. The poisoned dart hits the ogre.
The ogre looks even sicker.
The ogre is lightly wounded.
The ogre hits you with a +0 giant club!
Throw: 14 darts (poison)
Press: ? - help, Q - select action, (/) - cycle Shift-Dir - straight line, f/p - ogre
Aim: an ogre, wielding a +0 giant club (moderately wounded, very poisoned, 74% to hit)
You throw a poisoned dart. The poisoned dart hits the ogre.
The ogre looks even sicker.
The ogre is moderately wounded.
The ogre barely misses you.
You barely miss the ogre.
The ogre is heavily wounded.
The ogre hits you with a +0 giant club!!
Ouch! That really hurt!
You die...

#..###'#### ########..#
+... ..........# #...#
## ########..# +...# .#
#..####### .######
#.....# ......# #.....#
#.....# ######.###
#.....# #####@# #.#
#...O.# ###.(.O.# #(#
#.....####.(.########.##
#.....)....### ##......#
#.....#..### ##.......#
#........######........#
#.#...##..##...........#
..#.#.###....###.####.##
....#.###..### #.# #.#


You could see an ogre (very poisoned).

Vanquished Creatures
  2 hounds
  A dart slug (D:1)
  6 orcs (D:3)
  4 ball pythons (D:1)
  4 endoplasms (D:1)
  5 giant cockroaches
  4 hobgoblins
  5 jackals
  2 quokkas (D:1)
  5 bats
  2 frilled lizards (D:1)
  7 goblins
  5 kobolds
  7 rats
59 creatures vanquished.

Notes
Turn   | Place    | Note
-------+----------+-------------------------------------------
     0 | D:1      | siradein the Demonspawn Fighter began the quest for the
                  | Orb.
     0 | D:1      | Reached XP level 1. HP: 18/18 MP: 1/1
   211 | D:1      | Gained mutation: You regenerate magic rapidly. [demonic
                  | ancestry]
   211 | D:1      | Reached XP level 2. HP: 23/24 MP: 2/2
   306 | D:1      | Found a faded altar of an unknown god.
   749 | D:1      | Reached XP level 3. HP: 29/29 MP: 3/3
  1266 | D:2      | Found a snail-covered altar of Cheibriados.
  1886 | D:3      | Found Suprutri's Distillery.
  1886 | D:3      | Noticed an ogre
  2247 | D:3      | Found Pootochu's General Store.
  2255 | D:3      | Found Zovod's Armour Boutique.
  2309 | D:3      | Gained mutation: When hurt, damage is shared between your
                  | health and your magic reserves. [demonic ancestry]
  2309 | D:3      | Reached XP level 4. HP: 12/35 MP: 4/4
  3091 | D:3      | Slain by an ogre

Illustrated notes

Levels and vault maps discovered:
D:1:      dpeg_arrival_radiant, layout_loops_ring,
          hellmonk_ecumenical_altar_zigzags, corexii_item_surrounded_by_moat,
          nrook_mini_vaults, chequers_decorated_corner, nrook_campfire,
          minmay_pentomino_z4
D:2:      layout_loops_ring, basic_altar
D:3:      layout_rooms, serial_shops, shop, shop, nicolae_diamond_shop,
          shop_coins, kennysheep_pointless_box, minmay_misc_feat_enclosed,
          cheibrodos_gnoll_hut

Skill      XL: |  1  2 |
---------------+-------+-----
Polearms       | 2 |  2.8
Shields        | 3 |  3.4
Armour         | 3 |  3.4
Fighting       | |  3.8

Action                   |  1- 3 |  4- 6 || total
-------------------------+-------+-------++-------
Melee: Trident           |   142 |    33 ||   175
Throw: Dart              |       |     3 ||     3
Armor: Scale mail        |    38 |       ||    38
       Chain mail        |    15 |    41 ||    56
Dodge: Dodged            |    39 |    17 ||    56
Block: Buckler           |    20 |    10 ||    30

Table legend: (Time is in decaauts)
 A = Elapsed time spent in this place.
 B = Non-inter-level travel time spent in this place.
 C = Inter-level travel time spent in this place.
 D = Time resting spent in this place.
 E = Time spent auto-exploring this place.
 F = Levels seen in this place.
 G = Mean time per level.
                   A        B        C        D        E       F      G
               +--------+--------+--------+--------+--------+-----+--------+
         Total |   3131 |   2850 |    281 |    232 |   1984 |   3 | 1043.7 |
       Dungeon |   3131 |   2850 |    281 |    232 |   1984 |   3 | 1043.7 |
               +--------+--------+--------+--------+--------+-----+--------+

Top non-repeatable levels by time:
     D:2: 1332 daAuts
     D:1: 1212 daAuts
     D:3: 585 daAuts
